 Dungeon Crawl Stone Soup version 0.19.0-11-g3fc08b3 (webtiles) character file.

5742 thirtiethelement the Spear-Bearer (level 10, -4/86 HPs)
             Began as an Octopode Wanderer on Nov 9, 2016.
             Was an Elder of Makhleb.
             Engulfed by a cloud of flame (17 damage)
             ... in a volcano.
             The game lasted 00:56:17 (7520 turns).

thirtiethelement the Spear-Bearer (OpWn)            Turns: 7520, Time: 00:56:18

Health: -4/86      AC:  1    Str: 16    XL:     10   Next: 77%
Magic:  29/29      EV: 18    Int: 14    God:    Makhleb [****..]
Gold:   604        SH:  0    Dex: 18    Spells: 0 memorised, 9 levels left

rFire  . . .     SeeInvis .     a - +3 spear
rCold  . . .     Gourm    .     (no shield)
rNeg   . . .     Faith    .     (helmet restricted)
rPois  .         Spirit   .     u - amulet of Vitality {Regen+ HP+15}
rElec  .         Reflect  .     k - ring of magical power
rCorr  +         Harm     .     t - ring "Zapn" {+Inv MR- Dex+7 Stlth-}
MR     .....                    w - ring of resist corrosion
Stlth  +++++.....               C - ring of magical power
                                (no ring)
                                (no ring)
                                (no ring)
                                (no ring)

@: no status effects
A: almost no armour, stealthy swim, amphibious, 8 rings, constrict 8, camouflage
1, gelatinous body 1
a: Minor Destruction, Lesser Servant of Makhleb, Major Destruction, Renounce
Religion, Evoke Invisibility


You were in a volcano.
You worshipped Makhleb.
Makhleb was greatly pleased with you.
You were not hungry.

You visited 2 branches of the dungeon, and saw 10 of its levels.
You also visited: Sewer, Ossuary and Volcano.

You collected 604 gold pieces.

Inventory:

Hand Weapons
 a - a +3 spear (weapon)
 v - a +0 falchion of flaming
 G - a +0 halberd
Missiles
 s - 4 tomahawks (quivered)
Jewellery
 k - a ring of magical power (left tentacle)
 t - the ring "Zapn" (right tentacle) {+Inv MR- Dex+7 Stlth-}
   (You found it on level 4 of the Dungeon)

   [ring of loudness]

   It affects your dexterity (+7).
   It affects your resistance to hostile enchantments.
   It lets you turn invisible.
   It makes you less stealthy.
 u - the amulet of Vitality (around mantle) {Regen+ HP+15}
   (You took it off an orc on level 6 of the Dungeon)

   [amulet of regeneration]

   It affects your health (+15).
   It increases your rate of regeneration.
 w - a ring of resist corrosion (on tentacle)
 C - a ring of magical power (on tentacle)
 F - an uncursed amulet of magic regeneration
Wands
 f - a wand of teleportation (9/9)
 y - a wand of enslavement (13/24)
Scrolls
 e - 9 scrolls of teleportation
 x - a scroll of fog
 D - 5 scrolls of remove curse
Potions
 b - a potion of flight
 g - 2 potions of berserk rage
 h - 3 potions of agility
 l - a potion of mutation {unknown}
 p - a potion of cancellation {unknown}
 q - a potion of magic {unknown}
 r - 2 potions of might
 z - a potion of brilliance {unknown}
 A - 2 potions of ambrosia
 B - a potion of degeneration {unknown}
Comestibles
 d - 5 bread rations
 i - a royal jelly
 j - 6 beef jerkies
 m - 8 slices of pizza
 n - 8 fruits
 o - 3 meat rations


   Skills:
 + Level 7.5 Fighting
 + Level 10.6 Polearms
   Level 1.0 Bows
 + Level 0.8 Throwing
 + Level 6.6 Dodging
 + Level 10.1 Stealth
 + Level 2.1 Invocations
 + Level 1.1 Evocations


You had 9 spell levels left.
You didn't know any spells.

Dungeon Overview and Level Annotations

Branches:
Dungeon (9/15)             Temple (0/1) D:4             Orc (1/2) D:9
   Lair: D:8-11

Altars:
Dithmenos
Fedhas
Makhleb
Nemelex Xobeh
Sif Muna
Trog
Xom


Innate Abilities, Weirdness & Mutations

You cannot wear most types of armour.
You are very stealthy in the water. (Stealth+)
You are amphibious.
You can wear up to eight rings at the same time.
You can use your tentacles to constrict eight enemies at once.
Your skin changes colour to match your surroundings (Stealth+).
Your rubbery body absorbs attacks. (AC +1, EV +1)


Message History

You constrict the lava snake. The lava snake spits lava at you.
The glob of lava hits you!
* * * LOW HITPOINT WARNING * * *
Attack whom?
Press: ? - help, Dir - move target cursor, f - lava snake
Aim: a lava snake (black smoke, lava, heavily wounded, constricted by you, catching its breath)
You puncture the lava snake!
You kill the lava snake!
Makhleb accepts your kill.
You feel better.
A fire bat comes into view.
Okay, then.
The air gets thick with the scent of sulphur.
The volcano roars to life, belching forth lava!
You are engulfed in roaring flames.
You are engulfed in roaring flames.
* * * LOW HITPOINT WARNING * * *
You are engulfed in roaring flames.
You die...

§≈≈§§≈§≈≈≈§≈≈≈≈§≈≈≈≈§≈§≈≈≈.......
≈≈§§§§§§≈§§≈≈§§§§≈§≈§≈≈≈§≈......#
≈≈≈≈≈≈§≈≈§§§≈§§§≈§§§§≈≈.........#
§≈≈§§§§.≈§§§§§§≈≈≈§≈≈≈......#####
≈≈≈..§§..§§§§§§≈§§§.§§.....##
§§§...##.§§§§§..§§§.§§...###
.....#####§§§§§§.§§§§....# .#..##
##§§§..§§..§.#### #####
######@###..# ### ####


There were no monsters in sight!

Vanquished Creatures
  A komodo dragon (D:8)
  A hornet (D:8)
  The ghost of WimpyRanger the Chopper, an amateur HOEn (D:5)
  A hippogriff (D:7)
  A fire bat (Volcano)
  Eustachio (D:6)
  A human (D:7)
  4 hogs (D:7)
  A hungry ghost (D:7)
  A warg (Orc:1)
  Edmund (D:6)
  A water moccasin (D:6)
  Duvessa (D:6)
  Purgy (D:3)
  2 phantoms
  A sky beast (D:8)
  3 orc warriors
  A black bear (D:6)
  An ice beast (D:8)
  3 ogres
  A crocodile (D:9)
  4 bullfrogs
  2 elf zombies (Ossuary)
  Dowan (D:6)
  3 scorpions
  6 killer bees (D:9)
  3 wights (D:6)
  2 crimson imps
  2 centaur zombies
  4 lava snakes (Volcano)
  3 human zombies (Ossuary)
  6 orc priests
  2 hounds
  2 jellies
  3 orc wizards
  Jessica (D:6)
  2 iguanas (D:4)
  A worker ant (D:8)
  A big kobold zombie (Ossuary)
  3 mummies
  9 adders
  3 gnolls (D:7)
  A shadow imp (D:9)
  An ooze (D:5)
  An adder zombie (Ossuary)
  An adder skeleton (D:4)
  A worm (D:2)
  3 dart slugs
  7 leopard geckos
  23 orcs
  3 ball pythons
  3 giant cockroaches
  6 goblins
  5 hobgoblins
  16 jackals
  A quokka (D:5)
  5 bats
  13 frilled lizards
  2 goblin zombies (Ossuary)
  8 hobgoblin zombies (Ossuary)
  A jackal zombie (Ossuary)
  12 kobolds
  8 kobold zombies (Ossuary)
  9 orc zombies (Ossuary)
  A quokka zombie (D:7)
  7 rats
  A rat zombie (Ossuary)
  7 plants (Sewer)
238 creatures vanquished.

Vanquished Creatures (collateral kills)
  A troll (D:7)
1 creature vanquished.

Grand Total: 239 creatures vanquished

Notes
Turn   | Place    | Note
-------+----------+-------------------------------------------
     0 | D:1      | thirtiethelement the Octopode Wanderer began the quest for the Orb.
     0 | D:1      | thirtiethelement set off with: a +2 spear, a potion of lignification, a potion of curing, a bread ration
     0 | D:1      | Reached XP level 1. HP: 17/17 MP: 1/1
   377 | D:1      | Reached XP level 2. HP: 23/23 MP: 2/2
   838 | D:2      | Reached XP level 3. HP: 4/27 MP: 3/3
  1078 | D:2      | Found a blossoming altar of Fedhas.
  1080 | D:2      | Found a shadowy altar of Dithmenos.
  1080 | D:2      | Found a burning altar of Makhleb.
  1092 | D:2      | Became a worshipper of Makhleb the Destroyer
  1404 | D:3      | Reached XP level 4. HP: 27/34 MP: 4/4
  1450 | D:3      | Noticed Purgy
  1479 | D:3      | HP: 2/51 [Purgy (3)]
  1494 | D:3      | Killed Purgy
  1494 | D:3      | Reached XP level 5. HP: 13/38 MP: 5/5
  1648 | D:3      | Found a glowing drain.
  1683 | Sewer    | Entered a sewer
  1807 | Sewer    | Reached * piety under Makhleb
  2029 | Sewer    | Reached XP level 6. HP: 32/44 MP: 6/6
  2424 | D:4      | Got a crude bronze ring
  2431 | D:4      | Identified the ring "Zapn" {+Inv MR- Dex+7 Stlth-} (You found it on level 4 of the Dungeon)
  2440 | D:4      | Noticed a phantom
  2495 | D:4      | HP: 1/67 [phantom (6)]
  2522 | D:4      | Killed a phantom
  2522 | D:4      | Reached skill level 5 in Stealth
  2522 | D:4      | Reached XP level 7. HP: 25/49 MP: 7/7
  2609 | D:4      | Found a staircase to the Ecumenical Temple.
  2713 | D:4      | Reached ** piety under Makhleb
  2783 | D:4      | Reached skill level 5 in Fighting
  2985 | D:5      | Entered Level 5 of the Dungeon
  2985 | D:5      | Noticed WimpyRanger's ghost (amateur HOEn)
  3003 | D:5      | Reached skill level 5 in Polearms
  3025 | D:5      | Found a shimmering altar of Xom.
  3107 | D:5      | Killed WimpyRanger's ghost
  3143 | D:5      | Found a sparkling altar of Nemelex Xobeh.
  3227 | D:5      | Reached XP level 8. HP: 48/55 MP: 8/8
  3572 | D:5      | Got a brightly glowing whip
  3992 | D:6      | Noticed Eustachio
  3998 | D:6      | Found a shimmering altar of Xom.
  4006 | D:6      | Killed Eustachio
  4137 | D:6      | Noticed Duvessa
  4139 | D:6      | Noticed Dowan
  4150 | D:6      | Killed Duvessa
  4176 | D:6      | Killed Dowan
  4192 | D:6      | Identified the cursed +2 whip "Xadavi Gimi" {protect, *Drain rPois MR+} (You found it on level 5 of the Dungeon)
  4252 | D:6      | Reached XP level 9. HP: 18/62 MP: 9/9
  4530 | D:6      | Reached skill level 5 in Dodging
  4545 | D:6      | Noticed Edmund
  4562 | D:6      | Killed Edmund
  4672 | D:6      | Noticed Jessica
  4677 | D:6      | Killed Jessica
  4679 | D:6      | Found a deep blue altar of Sif Muna.
  5000 | D:7      | Reached skill level 1 in Invocations
  5180 | D:7      | Found a sand-covered staircase.
  5195 | Ossuary  | Entered an ossuary
  5231 | Ossuary  | Reached *** piety under Makhleb
  5401 | Ossuary  | Reached **** piety under Makhleb
  5572 | D:7      | Noticed a troll
  5637 | D:7      | Killed a troll
  6128 | D:7      | Reached XP level 10. HP: 69/69 MP: 10/10
  6207 | D:7      | Found a bloodstained altar of Trog.
  6287 | D:8      | Found a blossoming altar of Fedhas.
  6443 | D:8      | Paralysed by a hornet for 2 turns
  6451 | D:8      | Reached skill level 10 in Polearms
  6963 | D:9      | Found a staircase to the Orcish Mines.
  6973 | Orc:1    | Entered Level 1 of the Orcish Mines
  7011 | Orc:1    | HP: 6/129 [orc warrior/trident (19)]
  7019 | Orc:1    | HP: 1/129 [orc warrior/trident (10)]
  7135 | Orc:1    | Reached skill level 10 in Stealth
  7299 | Orc:1    | Found a dark tunnel.
  7309 | Volcano  | Entered a volcano
  7520 | Volcano  | Engulfed by a cloud of flame

Skill      XL: |  1  2  3  4  5  6  7  8  9 10 |
---------------+-------------------------------+-----
Stealth        | 2 3 5 6 7 8 10 | 10.1
Polearms       | 3 4 5 7 9 10 | 10.6
Dodging        | 3 4 6 |  6.6
Fighting       | 5 6 7 |  7.5
Invocations    | 1 2 |  2.1
Bows           | |  1.0
Throwing       | |  0.8
Evocations     | |  1.1

Action                   |  1- 3 |  4- 6 |  7- 9 | 10-12 || total
-------------------------+-------+-------+-------+-------++-------
Melee: Spear             |    70 |   339 |   410 |   207 ||  1026
       Constrict         |    13 |    33 |    64 |    36 ||   146
       Tentacles         |    10 |    55 |    92 |    61 ||   218
Throw: Tomahawk          |       |       |     1 |       ||     1
Invok: Minor Destruction |       |       |     7 |     1 ||     8
       Lesser Servant of |       |       |     1 |     1 ||     2
       Major Destruction |       |       |       |     3 ||     3
  Use: Scroll            |     5 |     3 |     6 |     2 ||    16
       Potion            |       |     4 |     5 |     4 ||    13
 Stab: Sleeping          |    10 |    14 |    13 |     4 ||    41
       Distracted        |       |     3 |     1 |       ||     4
  Eat: Bread ration      |     1 |     1 |     4 |     1 ||     7
Armor: Skin              |     3 |   137 |    35 |     4 ||   179
Dodge: Dodged            |    37 |    85 |   197 |    94 ||   413
